 Dungeon Crawl Stone Soup version 0.22.1-2-g9c5b331 (webtiles) character file.

277 Goblin1989 the Covert (level 6, -6/39 HPs)
             Began as an Octopode Assassin on Dec 27, 2018.
             Was a Follower of Uskayaw.
             Mangled by a centaur (10 damage)
             ... on level 5 of the Dungeon on Dec 28, 2018.
             The game lasted 00:08:41 (4730 turns).

Goblin1989 the Covert (Octopode Assassin)           Turns: 4730, Time: 00:08:41

Health: -6/39      AC:  1    Str: 10    XL:     6   Next: 25%
Magic:  6/6        EV: 12    Int: 14    God:    Uskayaw [*.....]
Gold:   162        SH:  3    Dex: 15    Spells: 5/5 levels left

rFire    . . .     SeeInvis .   a - +2 dagger (venom)
rCold    + . .     Gourm    .   Y - +0 buckler
rNeg     . . .     Faith    .   (helmet restricted)
rPois    .         Spirit   .   (no amulet)
rElec    .         Reflect  .   c - ring of protection from cold
rCorr    .         Harm     .   (no ring)
MR       .....                  (no ring)
Stlth    +++++.....             (no ring)
HPRegen  0.13/turn              (no ring)
MPRegen  0.10/turn              (no ring)
                                (no ring)
                                (no ring)

@: no status effects
A: almost no armour, stealthy swim, amphibious, 8 rings, constrict 8, camouflage
1, gelatinous body 1
a: Stomp, Renounce Religion


You were on level 5 of the Dungeon.
You worshipped Uskayaw.
Uskayaw was noncommittal.
You were not hungry.

You visited 1 branch of the dungeon, and saw 5 of its levels.

You collected 162 gold pieces.

Inventory:

Hand Weapons
 a - a +2 dagger of venom (weapon)
 w - a +0 blowgun {@w1}
 N - a +0 hunting sling
Missiles
 d - 2 curare-tipped needles
 y - 8 poisoned needles
 A - 124 stones (quivered) {@Q3}
 B - 20 sling bullets
 C - 3 javelins {@Q2}
Armour
 Y - a +0 buckler (worn)
Jewellery
 c - a ring of protection from cold (left tentacle)
 K - an uncursed ring of protection from magic {unknown}
Scrolls
 z - 5 scrolls of identify {unknown}
 E - a scroll of fog {unknown}
 H - 4 scrolls of magic mapping {unknown}
 L - a scroll of random uselessness {unknown}
 R - 2 scrolls of blinking {unknown}
 S - a scroll of teleportation {unknown}
 T - a scroll of amnesia {unknown}
 U - a scroll of enchant armour {unknown}
 W - 2 scrolls of remove curse {unknown}
 X - a scroll of immolation {unknown}
Potions
 F - 2 potions of lignification {unknown}
 G - a potion of degeneration {unknown}
 I - a potion of flight {unknown}
 M - a potion of might {unknown}
 O - a potion of curing {@q1}
 Q - a potion of magic {unknown}
Comestibles
 e - 9 rations
 Z - a chunk of flesh


   Skills:
 - Level 2.0 Fighting
 - Level 2.0 Short Blades
 - Level 2.0 Throwing
 - Level 1.0 Dodging
 + Level 10.1 Stealth
 + Level 0.1 Shields


You had 5 spell levels left.
You didn't know any spells.
Your spell library contained the following spells:

 Spells                   Type           Power        Failure   Level  Hunger
 Freeze                   Ice            #...         43%         1    ##.....
 Throw Frost              Conj/Ice       #.....       56%         2    ###....
 Ozocubu's Armour         Chrm/Ice       #.......     80%         3    ####...
 Summon Ice Beast         Ice/Summ       #.......     99%         4    #####..
 Throw Icicle             Conj/Ice       #.......     99%         4    #####..


Dungeon Overview and Level Annotations

Branches:
Dungeon (5/15)             Temple (0/1) D:4

Altars:
Ashenzari
Elyvilon
Qazlal
Ru
Sif Muna
Uskayaw
Wu Jian


Innate Abilities, Weirdness & Mutations

You cannot wear most types of armour.
You are very stealthy in the water. (Stealth+)
You are amphibious.
You can wear up to eight rings at the same time.
You can use your tentacles to constrict eight enemies at once.
Your skin changes colour to match your surroundings (Stealth+).
Your rubbery body absorbs attacks. (AC +1, EV +1)


Message History

No target in view!
No target in view!
No target in view!
No target in view!
No target in view!
No target in view!
No target in view!
No target in view!
No target in view!
No target in view!
No target in view!
No target in view!
No target in view!
No target in view!
No target in view!
No target in view!
You butcher the adder corpse.
Z - 2 chunks of flesh Eating one of 2 chunks of flesh.
You eat one of the 2 chunks of flesh.
This raw flesh tastes terrible.
Done exploring.
Done exploring.
(D) Dungeon (T) Temple
Where to? (Enter - D:4, ? - help)
There is a stone staircase leading down here.
You climb downwards.
A hound zombie comes into view.
There is a stone staircase leading up here.
A centaur comes into view.
The centaur shouts!
The centaur wields a glowing shortbow.
It bursts into flame!
The centaur shoots an arrow.
You block the arrow.
You see here an arrow.
The centaur shoots an arrow.
The arrow hits you! The arrow burns you.
The centaur shoots an arrow.
The arrow hits you. The arrow burns you.
You see here 2 arrows.
The centaur unwields an uncursed shortbow of flaming.
It stops flaming.
The centaur closely misses you.
You hit the centaur.
The centaur is lightly wounded.
The centaur barely misses you.
You barely miss the centaur.
The centaur is lightly wounded.
The centaur hits you. The centaur hits you!
* * * LOW HITPOINT WARNING * * *
You are too injured to fight recklessly!
You are too injured to fight recklessly!
You are too injured to fight recklessly!
You take 25 damage, and have 14/39 hp.
MASSIVE DAMAGE!!
You are too injured to fight recklessly!
You are too injured to fight recklessly!
You are too injured to fight recklessly!
You are too injured to fight recklessly!
You are too injured to fight recklessly!
You are too injured to fight recklessly!
You are too injured to fight recklessly!
You are too injured to fight recklessly!
You are too injured to fight recklessly!
You are too injured to fight recklessly!
You are too injured to fight recklessly!
You are too injured to fight recklessly!
You are too injured to fight recklessly!
You are too injured to fight recklessly!
You are too injured to fight recklessly!
You are too injured to fight recklessly!
You are too injured to fight recklessly!
You are too injured to fight recklessly!
You are too injured to fight recklessly!
You hit the centaur.
The centaur is lightly wounded.
The centaur hits you!
* * * LOW HITPOINT WARNING * * *
The hound zombie closely misses you.
You take 7 damage, and have 7/39 hp.
Okay, then.
It was a potion of curing.
You feel better. The centaur barely misses you.
The hound zombie closely misses you. The centaur hits you.
* * * LOW HITPOINT WARNING * * *
You regained 7 hp, and now have 14/39 hp.
You hit the centaur.
The centaur is poisoned.
The centaur is lightly wounded.
The hound zombie closely misses you. The centaur barely misses you.
You hit the centaur but do no damage.
The centaur looks as sick as possible!
The centaur is lightly wounded.
The centaur hits you.
* * * LOW HITPOINT WARNING * * *
The hound zombie closely misses you.
You take 5 damage, and have 9/39 hp.
You barely miss the centaur.
The centaur is moderately wounded.
The centaur closely misses you. The hound zombie bites you.
* * * LOW HITPOINT WARNING * * *
The centaur completely misses you.
You take 1 damage, and have 8/39 hp.
You barely miss the centaur.
The centaur is heavily wounded.
The hound zombie bites you.
* * * LOW HITPOINT WARNING * * *
The centaur hits you!
You die... ████████

█......█
█......█
████████......█
...(...........
█$█.█......█
███..c@.████
.....█Z█((█<█
.!..........█
....███.....█
.$. █.....█ ..
.......█ .
.........█
█.!......█
█........█


You could see a centaur and a hound zombie.

Vanquished Creatures
  3 worker ants (D:4)
  Robin (D:3)
  6 adders
  An adder skeleton (D:4)
  4 worms
  5 dart slugs
  4 leopard geckos
  3 orcs (D:3)
  11 giant cockroaches
  18 goblins
  14 hobgoblins
  7 jackals (D:2)
  4 quokkas
  A ball python (D:2)
  7 bats
  6 kobolds
  10 rats
105 creatures vanquished.

Notes
Turn   | Place    | Note
-------+----------+-------------------------------------------
     0 | D:1      | Goblin1989 the Octopode Assassin began the quest for the
                  | Orb.
     0 | D:1      | Reached XP level 1. HP: 14/14 MP: 1/1
   325 | D:1      | Reached XP level 2. HP: 17/19 MP: 2/2
   371 | D:1      | Reached skill level 6 in Stealth
   542 | D:1      | Reached XP level 3. HP: 24/24 MP: 3/3
  1220 | D:2      | Reached skill level 7 in Stealth
  1481 | D:2      | Found a sacrificial altar of Ru.
  1489 | D:2      | Became a worshipper of Ru the Awakened
  1899 | D:2      | Reached XP level 4. HP: 29/29 MP: 4/4
  1969 | D:2      | Found a deep blue altar of Sif Muna.
  1973 | D:2      | Found a hide-covered altar of Uskayaw.
  1989 | D:2      | Fell from the grace of Ru
  1989 | D:2      | Became a worshipper of Uskayaw the Reveler
  2117 | D:2      | Reached * piety under Uskayaw
  2176 | D:2      | Reached ** piety under Uskayaw
  2306 | D:2      | Reached skill level 8 in Stealth
  2854 | D:3      | Noticed Robin
  3088 | D:3      | Killed Robin
  3090 | D:3      | Reached XP level 5. HP: 34/34 MP: 5/5
  3129 | D:3      | Reached *** piety under Uskayaw
  3502 | D:3      | Reached skill level 9 in Stealth
  3914 | D:4      | Found a white marble altar of Elyvilon.
  3940 | D:4      | Reached XP level 6. HP: 39/39 MP: 6/6
  4014 | D:4      | Found a staircase to the Ecumenical Temple.
  4089 | D:4      | Found a stormy altar of Qazlal.
  4094 | D:4      | Found a shattered altar of Ashenzari.
  4134 | D:4      | Reached skill level 10 in Stealth
  4150 | D:4      | Found an ornate altar of the Wu Jian Council.
  4718 | D:5      | Entered Level 5 of the Dungeon
  4730 | D:5      | Mangled by a centaur

Skill      XL: |  1  2  3  4  5  6 |
---------------+-------------------+-----
Stealth        | 6 7 8 9 10 | 10.1
Fighting       | |  2.0
Short Blades   | |  2.0
Throwing       | |  2.0
Dodging        | |  1.0
Shields        | |  0.1

Action                   |  1- 3 |  4- 6 || total
-------------------------+-------+-------++-------
Melee: Dagger            |    77 |   128 ||   205
       Constrict         |    18 |    32 ||    50
       Tentacles         |    10 |    20 ||    30
  Use: Potion            |       |     1 ||     1
 Stab: Sleeping          |    20 |    18 ||    38
       Distracted        |       |     1 ||     1
  Eat: Chunk             |     3 |     9 ||    12
Armor: Skin              |     3 |    13 ||    16
Dodge: Dodged            |    28 |    79 ||   107
Block: Buckler           |       |     1 ||     1

Vault maps used:
D:1:      onia_arrival_mini_maze
D:2:      eat_drink_and_be_merry_uskayaw, overflow_temple_1_default,
          first_ration, dk_noncrumbling_3, nicolae_ru_path_of_blood
D:3:      uniq_robin
D:4:      old_standard_altar, lemuel_doored_altar,
          ashenzari_conservatory_becter, kennysheep_mini_moat,
          minmay_temple_entry_statues_pillars
D:5:      gammafunk_steamed_eel, serial_glass, glass_columns_a, glass_columns_c,
          glass_columns_a, glass_columns_a, glass_columns_b, glass_columns_b,
          minivault_19, yredelemnul_altar_generic, uniq_menkaure
